Map: Shrines of Lizul

Players

PureLegacy - Winner!

  • Race: Terran Terran
  • Spawn Location: 6:00

LOADBLASTER - Winner!

  • Race: Terran Terran
  • League: Grandmaster
  • Spawn Location: 9:00

Uzikoti

  • Race: Terran Terran
  • League: Grandmaster
  • Spawn Location: 3:00

Boomzer

  • Race: Zerg Zerg
  • League: Master
  • Spawn Location: 12:00

VOD

Have the link to the VOD?

Description

Time

  • Played on: Nov. 30, 2018, 2:32 p.m.
  • Length: 6:18
Show
View Real Time Build Order
Export as new Build Order

PureLegacy Terran - Winner!

Build Orders:  

Get SALT Encoding   

  12  0:02  SCV  
  14  0:14  SCV  
  14  0:19  Supply Depot  
  14  0:26  SCV  
  15  0:31  Refinery  
  15  0:40  SCV  
  16  0:46  Barracks  
  16  0:52  SCV  
  17  1:04  Barracks  
  17  1:16  Barracks  
  17  1:21  SCV  
  18  1:35  Reaper  
  19  1:40  Orbital Command  
  19  1:50  Refinery  
  19  1:52  Reaper  
  20  1:59  Bunker  
  20  2:03  Reaper  
  21  2:09  Reaper  
  22  2:17  Supply Depot  
  22  2:25  Reaper  
  23  2:31  Barracks  
  23  2:38  Reaper  
  23  2:42  Reaper  
  25  2:46  SCV  
  25  2:57  Reaper  
  25  3:03  Barracks  
  25  3:10  Reaper  
  25  3:14  Reaper  
  25  3:16  SCV  
  26  3:26  Reaper  
  27  3:29  Supply Depot, SCV  
  27  3:31  Reaper  
  29  3:41  SCV  
  29  3:42  Reaper  
  31  3:51  Reaper  
  31  3:53  SCV  
  31  3:55  Reaper  
  34  3:56  Supply Depot  
  34  4:05  Reaper  
  34  4:06  SCV  
  36  4:12  Reaper  
  33  4:30  Reaper  
  33  4:31  Reaper  
  30  4:37  SCV, Command Center  
  30  4:42  Reaper  
  31  4:46  Supply Depot  
  31  4:49  SCV  
  31  4:50  Reaper  
  33  4:58  Reaper  
  34  5:01  SCV  
  34  5:06  Barracks Tech Lab  
  35  5:13  SCV  
  37  5:25  SCV  
  39  5:37  SCV  
  38  5:49  SCV  
  39  5:54  Marine x3  
  39  5:55  Marine x2  
  42  6:01  Factory, SCV  
Show
View Real Time Build Order
Export as new Build Order

LOADBLASTER Terran - Winner!

Build Orders:  

Get SALT Encoding   

  12  0:00  SCV  
  13  0:12  SCV  
  14  0:18  Supply Depot  
  14  0:24  SCV  
  15  0:33  Refinery  
  15  0:40  SCV  
  16  0:49  Barracks  
  16  0:52  SCV  
  17  1:04  Refinery  
  17  1:07  Barracks  
  17  1:12  SCV  
  18  1:24  SCV  
  19  1:37  Barracks Tech Lab  
  19  1:38  Orbital Command  
  19  1:44  Supply Depot  
  19  1:55  Barracks Tech Lab  
  19  1:57  Marauder  
  19  1:59  Concussive Shells  
  21  2:15  Marauder  
  23  2:18  Marauder  
  23  2:20  Refinery  
  25  2:25  Supply Depot  
  25  2:33  SCV  
  25  2:36  Marauder  
  28  2:47  Marauder  
  28  2:58  Marauder  
  30  2:59  SCV  
  29  3:11  SCV  
  29  3:19  Marauder  
  30  3:21  Barracks Tech Lab  
  30  3:23  SCV  
  28  3:30  Supply Depot  
  28  3:35  Stimpack  
  28  3:41  Marauder  
  30  3:52  Factory, Marauder  
  32  4:02  Marauder, SCV  
  35  4:11  Supply Depot  
  35  4:14  SCV  
  36  4:17  Marauder  
  38  4:30  SCV  
  39  4:34  Marauder  
  39  4:37  Starport  
  39  4:38  Factory Reactor  
  41  4:44  Marauder  
  43  4:55  Marauder  
  45  5:03  Supply Depot  
  45  5:06  Marauder  
  45  5:24  Marauder  
  45  5:26  Medivac  
  49  5:31  Medivac, Supply Depot  
  51  5:42  Marine  
  48  5:45  Marauder  
Show
View Real Time Build Order
Export as new Build Order

Uzikoti Terran 

Build Orders:  

Get SALT Encoding   

  12  0:00  SCV  
  13  0:12  SCV  
  14  0:17  Supply Depot  
  14  0:24  SCV  
  15  0:29  Refinery  
  15  0:39  SCV  
  16  0:46  Barracks  
  16  0:51  SCV  
  17  1:03  SCV  
  18  1:07  Barracks  
  18  1:15  SCV  
  19  1:25  Barracks  
  19  1:33  Reaper  
  20  1:41  Orbital Command  
  20  1:50  Supply Depot  
  20  1:54  Reaper  
  20  2:00  Refinery  
  21  2:06  Reaper  
  23  2:08  SCV  
  23  2:13  Reaper  
  24  2:20  SCV  
  25  2:28  Reaper  
  26  2:30  Supply Depot  
  26  2:38  Reaper, SCV  
  28  2:47  Reaper  
  26  3:00  Reaper  
  26  3:05  SCV  
  28  3:10  Reaper  
  29  3:13  Command Center  
  29  3:19  Reaper  
  30  3:27  SCV  
  30  3:32  Reaper  
  32  3:42  Reaper  
  32  3:46  Supply Depot, Barracks  
  33  3:49  SCV  
  33  3:51  Reaper  
  35  4:06  SCV  
  35  4:07  Reaper  
  35  4:08  Supply Depot  
  37  4:14  Reaper  
  38  4:23  Reaper  
  33  4:33  Reaper, Orbital Command  
  33  4:35  SCV  
  33  4:36  Barracks  
  35  4:46  Engineering Bay  
  35  4:50  Orbital Command  
  35  4:57  Barracks Reactor, Barracks Tech Lab  
  35  5:04  Factory  
  35  5:10  Marine x2  
  35  5:19  Marine  
  31  5:25  Marine  
  31  5:28  Marine x2  
  31  5:34  Marine x2  
  28  5:38  Marauder  
  25  5:43  Marine  
  25  5:46  Marine x2  
  15  5:52  Marine  
Show
View Real Time Build Order
Export as new Build Order

Boomzer Zerg 

Build Orders: Pool Only, Ravager All-In 

Get SALT Encoding   

  12  0:19  Spawning Pool  
  11  0:23  Drone  
  11  0:28  Drone  
  13  0:30  Drone  
  14  0:37  Extractor  
  14  0:42  Drone, Extractor  
  13  0:46  Drone  
  14  1:07  Roach Warren  
  14  1:09  Drone  
  14  1:22  Overlord  
  14  1:26  Overlord  
  16  1:47  Roach x2  
  16  1:50  Roach  
  20  2:07  Ravager x2  
  22  2:10  Ravager  
  22  2:13  Roach  
  25  2:18  Roach  
  27  2:36  Ravager  
  30  2:51  Roach  
  22  3:21  Roach  
  22  3:22  Roach  
  20  3:29  Ravager  
  21  3:42  Ravager x2  
  23  3:50  Roach  
  23  3:51  Roach  
  23  3:54  Overlord  
  27  4:02  Drone  
  28  4:05  Queen  
  30  4:13  Drone  
  31  4:28  Ravager x2  
  31  4:29  Drone  
  34  4:35  Drone  
  35  4:44  Roach  
  37  4:55  Overlord  
  37  5:05  Ravager  
  38  5:11  Overlord  
  38  5:20  Roach  
  38  5:21  Roach x2  
  38  5:43  Roach x2  
Tags
 
Add a new tag
Caveats
  • Supply blocks, unpowered buildings, or Contaminate may cause inaccurate times.
  • Supply counts are checked every 10 seconds.